 Dungeon Crawl Stone Soup version 0.23-a0-586-gacb4b3f (webtiles) character file.

1311 galech the Chopper (level 8, 61/61 HPs)
             Began as a Demonspawn Fighter on Dec 19, 2018.
             Was a Believer of Okawaru.
             Quit the game on level 5 of the Dungeon.
             The game lasted 00:05:57 (4613 turns).

galech the Chopper (Demonspawn Fighter)             Turns: 4613, Time: 00:05:58

Health: 61/61      AC:  8    Str: 17    XL:     8   Next: 32%
Magic:  8/8        EV: 11    Int:  9    God:    Okawaru [**....]
Gold:   300        SH: 10    Dex: 15    Spells: 7/7 levels left

rFire    x . .     SeeInvis .   a - +0 war axe
rCold    + . .     Gourm    .   c - +0 shield
rNeg     . . .     Faith    .   b - +0 scale mail
rPois    .         Spirit   .   G - +0 helmet
rElec    .         Reflect  .   (no cloak)
rCorr    .         Harm     .   (no gloves)
MR       .....                  (no boots)
Stlth    ..........             (no amulet)
HPRegen  0.20/turn              I - ring of ice
MPRegen  0.11/turn              o - +3 ring of evasion

@: no status effects
A: hooves 2, spiny 1, rot immunity, sanguine armour 1
a: Heroism, Renounce Religion


You were on level 5 of the Dungeon.
You worshipped Okawaru.
Okawaru was pleased with you.
You were not hungry.

You visited 2 branches of the dungeon, and saw 6 of its levels.

You collected 300 gold pieces.

Inventory:

Hand Weapons
 a - a +0 war axe (weapon)
Armour
 b - a +0 scale mail (worn)
 c - a +0 shield (worn)
 G - a +0 helmet (worn)
Jewellery
 m - an uncursed ring of resist corrosion
 o - a +3 ring of evasion (right hand)
 v - an uncursed ring of protection from magic
 I - a ring of ice (left hand)
Wands
 y - a wand of acid (5)
 E - a wand of digging (4)
 F - a wand of random effects (12)
Scrolls
 g - 2 scrolls of amnesia {unknown}
 k - 3 scrolls of remove curse
 l - a scroll of magic mapping
 n - 2 scrolls of immolation
 p - a scroll of enchant armour
 q - 2 scrolls of fear
 r - a scroll of enchant weapon {unknown}
 s - 2 scrolls of teleportation {unknown}
 t - 3 scrolls of blinking {unknown}
 w - a scroll of noise {unknown}
 H - a scroll of identify
Potions
 d - a potion of might
 e - a potion of lignification {unknown}
 h - 4 potions of curing {unknown}
 i - 2 potions of haste {unknown}
 j - 2 potions of ambrosia {unknown}
 u - 2 potions of heal wounds {unknown}
 x - a potion of degeneration {unknown}
 z - a potion of flight {unknown}
 A - a potion of cancellation {unknown}
 B - a potion of invisibility {unknown}
 C - a potion of berserk rage {unknown}
Comestibles
 f - 10 rations
 D - 4 chunks of flesh


   Skills:
 + Level 4.8 Fighting
 + Level 6.3 Axes
 + Level 4.8 Armour
 + Level 1.8 Dodging
 + Level 4.6 Shields


You had 7 spell levels left.
You didn't know any spells.
Your spell library was empty.

Dungeon Overview and Level Annotations

Branches:
Dungeon (5/15)             Temple (1/1) D:4

Altars:
Ashenzari
Cheibriados
Dithmenos
Elyvilon
Fedhas
Hepliaklqana
Kikubaaqudgha
Makhleb
Nemelex Xobeh
Okawaru
Ru
Sif Muna
Trog
Wu Jian
Xom
Zin
The Shining One

Shops:
D:4 }


Innate Abilities, Weirdness & Mutations

You have hoof-like feet.
You are partially covered in sharp spines.
You are immune to rotting.
When seriously injured, your bleeding wounds create armour. (AC +0)


Message History

h - 4 metallic dark potions (gained 1) Eating one of 5 chunks of flesh.
You eat one of the 5 chunks of flesh.
This raw flesh tastes terrible.
You now have 300 gold pieces (gained 9).
The goblin is too close now for your liking.
You miss the goblin. The goblin barely misses you.
The goblin is struck by your spines.
You kill the goblin!
No target in view!
No target in view!
No target in view!
No target in view!
No target in view!
No target in view!
No target in view!
No target in view!
No target in view!
No target in view!
No target in view!
Are you sure you want to abandon this character and quit the game? (Confirm

...........##..##
.....................#.
..........#.......###≈
.........#......#####
#...# #...........###
#..####.............
#....#..............
###..................
##.#.@......##........
#..........##.........
#........####...>.....
##........# #.........
#........###.....)..#
#.......###.....##...
##.....## #....##....
#....## ##.........
#...## ##.....#.#


There were no monsters in sight!

Vanquished Creatures
  4 yaks
  An ice beast (D:5)
  An ogre (D:5)
  A scorpion (D:4)
  A bullfrog zombie (D:5)
  3 hounds (D:5)
  An orc wizard (D:4)
  A centaur skeleton (D:5)
  5 worker ants
  A worker ant zombie (D:5)
  Robin (D:4)
  3 adders
  3 adder skeletons (D:4)
  5 worms
  2 dart slugs
  4 leopard geckos
  5 orcs
  2 giant cockroaches
  19 goblins
  16 hobgoblins
  10 jackals
  12 kobolds
  6 quokkas
  4 ball pythons
  5 bats
  7 frilled lizards
  13 rats
136 creatures vanquished.

Notes
Turn   | Place    | Note
-------+----------+-------------------------------------------
     0 | D:1      | galech the Demonspawn Fighter began the quest for the Orb.
     0 | D:1      | Reached XP level 1. HP: 18/18 MP: 1/1
    98 | D:1      | Gained mutation: You have large cloven feet. [demonic
                  | ancestry]
    98 | D:1      | Reached XP level 2. HP: 24/24 MP: 2/2
   135 | D:1      | Reached skill level 2 in Axes
   302 | D:1      | Gained mutation: When seriously injured, your bleeding
                  | wounds create armour. (AC +0) [demonic ancestry]
   302 | D:1      | Reached XP level 3. HP: 12/29 MP: 3/3
   712 | D:2      | Found a blossoming altar of Fedhas.
   897 | D:2      | Found a sacrificial altar of Ru.
  1054 | D:2      | Found a bloodstained altar of Trog.
  1054 | D:2      | Found a deep blue altar of Sif Muna.
  1084 | D:2      | Found a glowing silver altar of Zin.
  1412 | D:2      | Gained mutation: You have hoof-like feet. [demonic
                  | ancestry]
  1412 | D:2      | Reached XP level 4. HP: 33/35 MP: 4/4
  1805 | D:3      | Reached skill level 3 in Axes
  2476 | D:4      | Reached XP level 5. HP: 37/41 MP: 5/5
  2670 | D:4      | Found a staircase to the Ecumenical Temple.
  2674 | Temple   | Entered the Ecumenical Temple
  2731 | Temple   | Became a worshipper of Warmaster Okawaru
  3095 | D:4      | Gained mutation: You are immune to rotting. [demonic
                  | ancestry]
  3095 | D:4      | Reached XP level 6. HP: 22/48 MP: 6/6
  3307 | D:4      | Noticed Robin
  3329 | D:4      | Killed Robin
  3550 | D:4      | Reached skill level 4 in Axes
  3607 | D:4      | Found Qigodeig's Gadget Shoppe.
  3798 | D:5      | Entered Level 5 of the Dungeon
  3920 | D:5      | Found a burning altar of Makhleb.
  3973 | D:5      | Noticed a yak
  3975 | D:5      | Noticed a yak
  3975 | D:5      | Noticed a yak
  3975 | D:5      | Noticed a yak
  3992 | D:4      | Killed a yak
  3992 | D:4      | Reached * piety under Okawaru
  3992 | D:4      | Reached skill level 1 in Dodging
  3992 | D:4      | Gained mutation: You are partially covered in sharp spines.
                  | [demonic ancestry]
  3992 | D:4      | Reached XP level 7. HP: 26/54 MP: 7/7
  4150 | D:5      | Killed a yak
  4150 | D:5      | Reached skill level 5 in Axes
  4156 | D:5      | Killed a yak
  4156 | D:5      | Reached ** piety under Okawaru
  4157 | D:5      | Killed a yak
  4157 | D:5      | Reached XP level 8. HP: 5/61 MP: 8/8
  4476 | D:5      | Found a shimmering altar of Xom.
  4481 | D:5      | Reached skill level 6 in Axes
  4613 | D:5      | Quit the game

Vault maps used:
D:1:      dpeg_arrival_pond, minmay_split_cup_large
D:2:      nicolae_overflow_crystal_walls, lemuel_doored_altar,
          nicolae_overflow_hidden_temple, serial_forest,
          infiniplex_forest_clump_tiny, infiniplex_forest_straight_3,
          infiniplex_forest_clump_small, infiniplex_forest_zigzag_1,
          infiniplex_forest_clump_small, infiniplex_forest_clump_double
D:3:      first_ration, dk_noncrumbling_3, minmay_cupped
D:4:      temple_hall_moat, serial_shops, nicolae_shop_stone, uniq_robin
D:5:      basic_altar, minmay_misc_feat_cross, tgw_xom
Temple:   minmay_temple_bridge_abc

Skill      XL: |  1  2  3  4  5  6  7  8 |
---------------+-------------------------+-----
Axes           | 2 3 4 5 6 |  6.3
Armour         | 3 4 |  4.8
Shields        | 3 4 |  4.6
Fighting       | 4 |  4.8
Dodging        | 1 |  1.8

Action                   |  1- 3 |  4- 6 |  7- 9 || total
-------------------------+-------+-------+-------++-------
Melee: War axe           |   136 |   212 |    30 ||   378
       Kick              |    28 |    54 |     9 ||    91
  Use: Scroll            |       |     6 |       ||     6
       Potion            |       |     1 |     1 ||     2
  Eat: Chunk             |     2 |     8 |     3 ||    13
Armor: Scale mail        |    71 |    73 |     8 ||   152
Dodge: Dodged            |    32 |    74 |    14 ||   120
Block: Shield            |    79 |   100 |    18 ||   197

Table legend:
 A = Non-vault XP
 B = Vault XP
 C = Vault XP percentage of total XP
 D = Non-vault monster count
 E = Vault monster count
 F = Vault count percentage of total count
                 A         B        C        D         E       F
            +---------+---------+-------+---------+---------+-------
      Total |    1699 |     174 |   9.3 |     114 |      22 |  16.2
            +---------+---------+-------+---------+---------+-------
        D:1 |      53 |       6 |  10.2 |      29 |       4 |  12.1
        D:2 |      40 |       0 |   0.0 |      21 |       0 |   0.0
        D:3 |      77 |       7 |   8.3 |      29 |       4 |  12.1
        D:4 |     457 |      32 |   6.5 |      18 |      11 |  37.9
        D:5 |    1072 |     129 |  10.7 |      17 |       3 |  15.0
            +---------+---------+-------+---------+---------+-------
